 Dungeon Crawl Stone Soup version 0.27.1-3-gb3d3a73c9e (webtiles) character file.

Game seed: 16829015096935046614

10593 raph the Tainter (level 11, -3/60 HPs)
             Began as a Deep Elf Venom Mage on Oct 28, 2021.
             Was a Priest of Nemelex Xobeh.
             Splashed by an acid dragon's acid (16 damage)
             ... on level 11 of the Dungeon.
             The game lasted 00:38:57 (16178 turns).

raph the Tainter (Deep Elf Venom Mage)             Turns: 16178, Time: 00:38:57

Health: -3/60      AC: 10    Str:  6    XL:     11   Next: 38%
Magic:  18/24      EV: 30    Int: 23    God:    Nemelex Xobeh [***...]
Gold:   211        SH:  0    Dex: 15    Spells: 5/25 levels left

rFire    . . .     SeeInvis +   a - +3 rapier (venom)
rCold    + + +     Faith    .   (no shield)
rNeg     . . .     Spirit   .   P - +4 skin of Zhor {*Englaciate rC+++ SInv}
rPois    .         Reflect  .   o - +1 helmet
rElec    .         Harm     .   e - +1 cloak
rCorr    .         Rampage  .   (no gloves)
Will     +....                  (no boots)
Stlth    ++++......             n - amulet of the acrobat
HPRegen  0.20/turn              w - +4 ring of protection
MPRegen  0.19/turn              G - ring of wizardry

@: corroded, acrobatic, studying Earth Magic
A: no striking features
a: Renounce Religion, Draw Escape, Draw Destruction, Draw Summoning, Triple Draw


You were on level 11 of the Dungeon.
You worshipped Nemelex Xobeh.
Nemelex Xobeh was most pleased with you.
You visited 1 branch of the dungeon, and saw 11 of its levels.

You collected 596 gold pieces.
You spent 385 gold pieces at shops.

Inventory:

Hand Weapons
 a - a +3 rapier of venom (weapon)
 b - a +2 short sword of holy wrath
 d - a +0 dagger
 h - a +0 rapier
 i - a +4 dagger of venom
 k - a +1 dagger of venom
 v - a +2 dagger of venom
 x - a +2 vampiric dagger
Missiles
 m - 8 javelins
 B - a throwing net
Armour
 e - a +1 cloak (worn)
 o - a +1 helmet (worn)
 q - a +3 leather armour
 t - a +0 robe
 P - the +4 skin of Zhor (worn) {*Englaciate rC+++ SInv}
   (You found it on level 10 of the Dungeon)

   It radiates cold, occasionally slowing all nearby creatures who are not
   resistant to cold.
   rC:        It renders you almost immune to cold.
   SInv:      It lets you see invisible.
Jewellery
 c - a ring of resist corrosion
 j - a +4 ring of evasion
 n - an amulet of the acrobat (around neck)
 w - a +4 ring of protection (left hand)
 D - a +4 ring of slaying
 G - a ring of wizardry (right hand)
 L - an amulet of regeneration
 O - a ring of willpower
Wands
 p - a wand of iceblast (21)
 s - a wand of paralysis (3)
 y - a wand of digging (18)
 C - a wand of flame (41)
 H - a wand of polymorph (19)
 R - a wand of mindburst (11)
Scrolls
 l - a scroll of immolation
 J - a scroll of magic mapping
 M - a scroll of holy word
 N - a scroll of silence
 Q - a scroll of blinking
Potions
 f - 2 potions of invisibility
 g - 3 potions of curing
 r - a potion of brilliance
 u - a potion of mutation
 z - a potion of cancellation
 A - 2 potions of might
 E - a potion of attraction
 F - 2 potions of haste
 I - 2 potions of ambrosia
 K - a potion of magic
 S - a potion of heal wounds {unknown}
 T - a potion of berserk rage {unknown}


   Skills:
 + Level 3.8 Fighting
 * Level 5.6 Short Blades
 + Level 6.4 Dodging
 + Level 7.1 Stealth
 + Level 7.8 Spellcasting
 + Level 6.6 Conjurations
 - Level 5.3 Necromancy
 * Level 7.6 Translocations
 - Level 1.8 Transmutations
 * Level 9.3 Poison Magic
 - Level 3.8 Invocations


You had 5 spell levels left.
You knew the following spells:

 Your Spells              Type           Power      Damage    Failure   Level
a - Sting                 Tmut/Pois      100%       1d8       1%          1
b - Poisonous Vapours     Pois/Air       60%        N/A       1%          2
c - Mephitic Cloud        Conj/Pois/Air  33%        N/A       1%          3
d - Blink                 Tloc           N/A        N/A       1%          2
e - Olgreb's Toxic Radia  Pois           51%        N/A       1%          4
f - Animate Skeleton      Necr           66%        N/A       1%          1
g - Vampiric Draining     Necr           16%        2d8       1%          3
h - Iskenderun's Mystic   Conj/Tloc      41%        2d9       1%          4

Your spell library contained the following spells:

 Spells                   Type           Power      Damage    Failure   Level
 Pain                     Necr           100%       1d9       1%          1
 Static Discharge         Conj/Air       24%        N/A       1%          2
 Lesser Beckoning         Tloc           22%        N/A       1%          3
 Spider Form              Tmut/Pois      17%        N/A       1%          3
 Manifold Assault         Tloc           44%        N/A       3%          5
 Ensorcelled Hibernation  Hex/Ice        18%        N/A       4%          2
 Fulminant Prism          Conj/Hex       12%        3d9       8%          4
 Lightning Bolt           Conj/Air       12%        1d25      21%         5
 Summon Ice Beast         Ice/Summ       9%         N/A       26%         4
 Lee's Rapid Deconstruct  Erth           4%         3d6*      58%         5
 Summon Mana Viper        Hex/Summ       9%         N/A       58%         5
 Shadow Creatures         Summ           N/A        N/A       98%         6
 Monstrous Menagerie      Summ           4%         N/A       100%        7
 Maxwell's Capacitive Co  Air            4%         ∞         100%        8


Dungeon Overview and Level Annotations

Branches:
Dungeon (11/15)            Temple (0/1) D:5            Lair (0/6) D:11
    Orc: D:9-12

Altars:
Cheibriados
Dithmenos
Elyvilon
Fedhas
Hepliaklqana
Nemelex Xobeh
Uskayaw
Vehumet
Wu Jian
The Shining One

Shops:
D:6 *[*(*   D:10 *

Annotations:
D:3 Grinder
D:6 Menkaure


Message History

The electric eel is poisoned.
The orc priest looks even sicker.
The orc warrior looks even sicker.
The acid dragon spits acid at you.
The splash of acid hits you but does no damage.
You are splashed with acid!
The orc wizard mumbles some strange words.
The orc wizard flickers and vanishes for a moment.
The orc wizard gestures wildly while chanting.
The orc wizard flickers and vanishes for a moment.
The orc priest casts a cantrip, but nothing happens.
You hear a shout! x3
Casting: Olgreb's Toxic Radiance (dangerous; 1% risk of failure)
Confirm with . or Enter, or press ? or * to list all spells.
Aiming: Mephitic Cloud (safe; 1% risk of failure)
Press: ? - help, Shift-Dir - straight line The ball explodes into a vile cloud!
The stinking cloud engulfs the orc wizard but does no damage.
The orc wizard is heavily wounded.
The stinking cloud engulfs the acid dragon but does no damage.
The orc wizard looks even sicker.
The orc priest looks even sicker.
The electric eel looks even sicker.
Your toxic aura wanes.
You hear a shout! x4
Casting: Mephitic Cloud (safe; 1% risk of failure)
Confirm with . or Enter, or press ? or * to list all spells.
Okay, then.
Okay, then.
Found 12 gold pieces.
You hear a shout!
The orc wizard is engulfed in noxious fumes.
The orc wizard appears confused.
You kill the orc wizard!
The orc priest calls upon Beogh to heal the orc warrior.
The orc warrior is healed somewhat.
The acid dragon spits acid at you. The splash of acid hits you!
* * * LOW HITPOINT WARNING * * *
The acid corrodes you!
You are splashed with acid!
You die...
Your body disappears without a glow.

#.# #. #.# #. #.# #.
#########'####.
#............#.####
#............+....
.............##.###########
..........................#
................@..o....#.
≈≈≈≈≈≈≈≈≈≈≈≈≈≈≈≈≈≈≈≈≈≈8.#
≈≈≈≈≈≈≈≈≈≈≈≈≈≈≈≈≈≈≈≈D8≈o#
###################'○≈○.#
.#.☼☼.# . #≈≈.# . ....$ ..
≈;...


You could see an orc warrior (very poisoned), an acid dragon (catching breath),
an electric eel (very poisoned) and an orc priest (very poisoned).

Vanquished Creatures
  A boulder beetle (D:7)
  A two-headed ogre (D:11)
  A manticore (D:11)
  A kobold demonologist (D:10)
  3 rime drakes (D:10)
  A hornet (D:8)
  Sigmund (D:5)
  A water elemental (D:11)
  17 yaks
  2 wraiths
  A wyvern (D:5)
  A sky beast (D:6)
  6 orc warriors
  3 ice beasts (D:6)
  A necrophage (D:7)
  2 ogres
  4 bullfrogs
  5 kobold brigands
  2 elf zombies (D:4)
  An elf skeleton (D:4)
  2 scorpions
  A wyvern zombie (D:5)
  A water moccasin zombie (D:5)
  4 killer bees (D:8)
  An electric eel (D:11)
  3 howler monkeys
  2 centaur zombies
  A bullfrog zombie (D:5)
  3 jellies
  5 orc priests
  A human skeleton (D:4)
  2 human zombies (D:4)
  A bullfrog skeleton (D:6)
  A centaur skeleton (D:4)
  14 orc wizards
  Ijyb (D:3)
  3 iguanas
  A scorpion zombie (D:5)
  A killer bee zombie (D:8)
  2 hound skeletons (D:4)
  Robin (D:3)
  6 adders
  10 gnolls
  2 howler monkey skeletons
  A river rat (D:3)
  A shadow imp (D:6)
  2 worms
  4 dart slugs
  48 orcs
  9 bats
  9 endoplasms
  4 giant cockroaches
  12 goblins
  8 hobgoblins
  20 kobolds
  2 quokkas
  10 ball pythons
  3 frilled lizards
  4 orc skeletons (D:4)
  An orc zombie (D:4)
  9 rats
271 creatures vanquished.

Vanquished Creatures (collateral kills)
  2 rime drakes (D:10)
2 creatures vanquished.

Vanquished Creatures (others)
  A butterfly (D:9)
  11 plants (D:2)
12 creatures vanquished.

Grand Total: 285 creatures vanquished

Notes
Turn   | Place    | Note
-------+----------+-------------------------------------------
     0 | D:1      | raph the Deep Elf Venom Mage began the quest for the Orb.
     0 | D:1      | Reached XP level 1. HP: 10/10 MP: 6/6
   155 | D:1      | Reached XP level 2. HP: 15/15 MP: 5/8
   190 | D:1      | Learned a level 2 spell: Poisonous Vapours
   514 | D:1      | Found a faded altar of an unknown god.
  1126 | D:2      | Reached XP level 3. HP: 9/19 MP: 6/9
  1327 | D:2      | Learned a level 3 spell: Mephitic Cloud
  1565 | D:2      | Reached skill level 4 in Poison Magic
  2127 | D:2      | Reached skill level 1 in Conjurations
  2127 | D:2      | Reached XP level 4. HP: 24/24 MP: 8/11
  3250 | D:3      | Noticed Robin
  3250 | D:3      | Noticed Grinder
  3279 | D:4      | Noticed a necrophage
  3324 | D:3      | Noticed Ijyb
  3335 | D:3      | Killed Ijyb
  3336 | D:3      | Reached XP level 5. HP: 21/28 MP: 2/12
  3793 | D:3      | Reached skill level 5 in Poison Magic
  3817 | D:3      | Killed Robin
  3868 | D:3      | Found a sparkling altar of Nemelex Xobeh.
  3925 | D:3      | Became a worshipper of Nemelex Xobeh the Trickster
  4164 | D:3      | Learned a level 2 spell: Blink
  4470 | D:4      | Reached XP level 6. HP: 14/32 MP: 6/13
  4472 | D:4      | Reached skill level 1 in Translocations
  5480 | D:4      | Reached XP level 7. HP: 21/36 MP: 16/16
  5868 | D:4      | Reached skill level 6 in Poison Magic
  6016 | D:4      | Reached skill level 5 in Spellcasting
  6016 | D:4      | Reached skill level 1 in Invocations
  6203 | D:4      | Found a glowing golden altar of the Shining One.
  6203 | D:4      | Found an ornate altar of the Wu Jian Council.
  6203 | D:4      | Found a blossoming altar of Fedhas.
  6203 | D:4      | Found a hide-covered altar of Uskayaw.
  6209 | D:4      | Found a radiant altar of Vehumet.
  6209 | D:4      | Found a snail-covered altar of Cheibriados.
  6459 | D:5      | Entered Level 5 of the Dungeon
  6490 | D:5      | Reached skill level 1 in Fighting
  6492 | D:5      | Found a staircase to the Ecumenical Temple.
  6565 | D:5      | Noticed a wyvern
  6723 | D:5      | Killed a wyvern
  6928 | D:5      | Reached XP level 8. HP: 39/43 MP: 10/17
  7054 | D:5      | Learned a level 4 spell: Olgreb's Toxic Radiance
  7056 | D:5      | Learned a level 1 spell: Animate Skeleton
  7060 | D:5      | Learned a level 3 spell: Vampiric Draining
  7290 | D:5      | Reached skill level 1 in Necromancy
  7503 | D:5      | Reached * piety under Nemelex Xobeh
  7578 | D:5      | Noticed Sigmund
  7599 | D:5      | Killed Sigmund
  8319 | D:6      | Found Qorphexzu's Weapon Shoppe.
  8384 | D:6      | Found Wihua's Assorted Antiques.
  8389 | D:6      | Bought a scroll of enchant weapon for 202 gold pieces
  8389 | D:6      | Bought a scroll labelled XUBBUA SOMOE for 27 gold pieces
  8520 | D:6      | Noticed Menkaure
  8899 | D:6      | Received a gift from Nemelex Xobeh
  9477 | D:6      | Reached skill level 1 in Short Blades
  9477 | D:6      | Reached skill level 7 in Poison Magic
  9584 | D:6      | Found Caorupsoeh's General Store.
  9598 | D:6      | Bought a scroll of identify for 26 gold pieces
  9629 | D:6      | Found Loemomm's Antique Armour Shop.
  9735 | D:6      | Reached ** piety under Nemelex Xobeh
  9735 | D:6      | Received a gift from Nemelex Xobeh
  9776 | D:6      | Reached skill level 5 in Conjurations
  9776 | D:6      | Reached XP level 9. HP: 45/48 MP: 15/20
  9942 | D:6      | Found Mocy's Assorted Antiques.
 10342 | D:7      | Reached skill level 5 in Stealth
 10515 | D:7      | Noticed a boulder beetle
 10598 | D:7      | Learned a level 4 spell: Iskenderun's Mystic Blast
 10635 | D:7      | Killed a boulder beetle
 10636 | D:7      | Reached skill level 5 in Translocations
 11060 | D:8      | Reached skill level 5 in Dodging
 11407 | D:6      | Bought a potion of haste for 130 gold pieces
 11469 | D:8      | Received a gift from Nemelex Xobeh
 11983 | D:9      | HP: 2/49 [wraith (10)]
 12329 | D:9      | Received a gift from Nemelex Xobeh
 12343 | D:9      | Reached XP level 10. HP: 50/54 MP: 15/21
 12648 | D:9      | Reached skill level 5 in Necromancy
 12784 | D:9      | Reached skill level 8 in Poison Magic
 13241 | D:9      | Reached *** piety under Nemelex Xobeh
 13695 | D:9      | Found a shadowy altar of Dithmenos.
 13699 | D:9      | Found a hazy altar of Hepliaklqana.
 13745 | D:9      | Found a white marble altar of Elyvilon.
 13827 | D:10     | Entered Level 10 of the Dungeon
 14022 | D:10     | Found Surghevuk's General Store.
 14023 | D:10     | Found the +4 skin of Zhor {*Englaciate rC+++ SInv}
 14186 | D:10     | Received a gift from Nemelex Xobeh
 14630 | D:10     | Identified the +1 robe "Giycuwuv" {Int+6 Dex+2}
 14967 | D:10     | Reached XP level 11. HP: 46/60 MP: 19/24
 14971 | D:10     | Reached skill level 5 in Short Blades
 14971 | D:10     | Reached skill level 9 in Poison Magic
 15510 | D:11     | Found a radiant altar of Vehumet.
 15511 | D:11     | Noticed a two-headed ogre
 15525 | D:11     | Killed a two-headed ogre
 16007 | D:11     | Found a staircase to the Lair.
 16153 | D:11     | Received a gift from Nemelex Xobeh
 16178 | D:11     | Splashed by an acid dragon's acid

Illustrated notes

Levels and vault maps discovered:
D:1:      psy_arrival_statuary, layout_basic, ebering_ecumenical_altar_ruins,
          hangedman_decor_growths, minmay_ruptured
D:2:      layout_loops_ring, serial_bayou_lagoon_a
D:3:      minmay_octagon_keep, layout_loops_ring, nemelex_spade_bored_becter,
          portal_sewer_entry_b, grunt_ministairs_12, uniq_ijyb, uniq_robin,
          uniq_grinder
D:4:      minmay_door_path, layout_cave_pools, minmay_overflow_temple_hex,
          nicolae_ossuary_entry_catacombs, minmay_manual_mess
D:5:      layout_basic, minmay_temple_entry_mini_moons, uniq_sigmund
D:6:      layout_loops_corners, serial_shops, nicolae_diamond_shop, shop, shop,
          shop_statue, shop_fountains, uniq_menkaure
D:7:      layout_basic
D:8:      layout_loops_ring
D:9:      layout_long_grid, riverfiend_overflow_shadow_ancestor,
          nicolae_elyvilon_peaceful_grove, special_room [special_room_orc]
D:10:     argonaut_augean_stables, layout_rooms, serial_shops,
          nicolae_shop_stone, hellmonk_guarded_unrand_zhor
D:11:     layout_basic, lair_entry_dummy, erik_orc_2, vehumet_altar_wand_db

Skill      XL: |  1  2  3  4  5  6  7  8  9 10 11 |
---------------+----------------------------------+-----
Stealth        | 3 4 5 6 7 |  7.1
Poison Magic   | 4 5 6 7 8 9 |  9.3
Conjurations   | 1 2 3 4 5 6 |  6.6
Translocations | 2 3 4 5 7 |  7.6
Spellcasting   | 4 5 6 7 |  7.8
Dodging        | 3 4 5 6 |  6.4
Invocations    | 1 2 3 |  3.8
Fighting       | 1 2 3 |  3.8
Necromancy     | 3 4 5 |  5.3
Short Blades   | 1 3 4 5 |  5.6
Transmutations | |  1.8

Action                   |  1- 3 |  4- 6 |  7- 9 | 10-12 || total
-------------------------+-------+-------+-------+-------++-------
Melee: Unarmed           |     1 |       |       |       ||     1
       Dagger            |     9 |   144 |    82 |       ||   235
       Rapier            |       |       |   242 |   103 ||   345
       Short sword       |       |       |       |    16 ||    16
 Cast: Sting             |    57 |    77 |    22 |       ||   156
       Poisonous Vapours |     1 |    35 |    26 |     7 ||    69
       Mephitic Cloud    |       |     5 |       |     2 ||     7
       Olgreb's Toxic Ra |       |       |    11 |    28 ||    39
       Blink             |       |       |     5 |       ||     5
       Iskenderun's Myst |       |       |     2 |    19 ||    21
       Animate Skeleton  |       |       |       |     6 ||     6
Invok: Draw Destruction  |       |       |     8 |     2 ||    10
       Draw Summoning    |       |       |       |     1 ||     1
Evoke: Wand              |       |       |     2 |       ||     2
  Use: Scroll            |       |     4 |    16 |     5 ||    25
       Potion            |       |       |     1 |     1 ||     2
 Stab: Sleeping          |     1 |     2 |    11 |     5 ||    19
       Confused          |       |     1 |       |       ||     1
       Distracted        |       |       |     1 |       ||     1
Armor: Robe              |     7 |     8 |       |       ||    15
       Leather armour    |       |    54 |   108 |    44 ||   206
       Animal skin       |       |       |       |    26 ||    26
Dodge: Dodged            |    22 |   150 |   238 |   116 ||   526
